 Dungeon Crawl Stone Soup version 0.19.0-23-gf02e663 (webtiles) character file.

126 JeffiDaFish the Shield-Bearer (level 5, -1/33 HPs)
             Began as a Gargoyle Fighter on Nov 19, 2016.
             Slain by a goblin
             ... wielding a +0 dagger
              (3 damage)
             ... on level 3 of the Dungeon.
             The game lasted 00:06:15 (1614 turns).

JeffiDaFish the Shield-Bearer (Gargoyle Fighter)    Turns: 1614, Time: 00:06:16

Health: -1/33      AC: 13    Str: 26    XL:     5   Next: 9%
Magic:  5/5        EV:  6    Int:  8    God:
Gold:   96         SH: 16    Dex:  9    Spells: 0 memorised, 4 levels left

rFire  . . .     SeeInvis .     a - +1 flail
rCold  . . .     Gourm    .     l - +0 chain mail
rNeg   + . .     Faith    .     c - +2 shield
rPois  ∞         Spirit   .     (no helmet)
rElec  +         Reflect  +     (no cloak)
rCorr  .         Harm     .     (no gloves)
MR     .....                    (no boots)
Stlth  ..........               e - +4 amulet of reflection
                                (no ring)
                                (no ring)

@: mighty
A: negative energy resistance 1, electricity resistance, unbreathing,
petrification resistance, rot immunity, AC +4
a: no special abilities


You were on level 3 of the Dungeon.
You were not hungry.

You visited 1 branch of the dungeon, and saw 3 of its levels.

You collected 96 gold pieces.

Inventory:

Hand Weapons
 a - a +1 flail (weapon)
Armour
 c - a +2 shield (worn)
 l - a +0 chain mail (worn)
Jewellery
 e - a +4 amulet of reflection (around neck)
Scrolls
 b - a scroll of remove curse
 i - 2 scrolls of recharging
 j - 2 scrolls of teleportation
Comestibles
 f - a bread ration
 g - 3 chunks of flesh
 h - a meat ration
 k - a fruit


   Skills:
 + Level 3.9 Fighting
 + Level 3.2 Maces & Flails
 + Level 3.8 Armour
 + Level 0.4 Dodging
 + Level 4.4 Shields


You had 4 spell levels left.
You didn't know any spells.

Dungeon Overview and Level Annotations

Branches:
Dungeon (3/15)

Altars:


Innate Abilities, Weirdness & Mutations

You are resistant to torment.
Your stone body is resilient. (AC +4)
You are immune to poison.
You resist negative energy. (rN+)
You are resistant to electric shocks. (rElec)
You can survive without breathing.
You are immune to petrification.
You are immune to rotting.


Message History

You kill the orc wizard!
Your Maces & Flails skill increases to level 3!
You have reached level 5!
The adder bites you but does no damage. You block the orc's attack.
The goblin hits you but does no damage. The frilled lizard barely misses you.
You block the adder's attack.
Some of the chunks of flesh in your inventory have rotted away.
You bludgeon the adder!!
You kill the adder!
The goblin hits you but does no damage. You block the orc's attack.
The frilled lizard barely misses you.
You closely miss the orc.
The orc is heavily wounded.
You block the goblin's attack. You block the frilled lizard's attack.
The orc completely misses you. The goblin hits you but does no damage.
You completely miss the orc.
The orc is heavily wounded.
You block the frilled lizard's attack. The orc hits you but does no damage.
The goblin hits you with a dagger.
You die...

.... ##..... ## ...
#######.>.... #.. ..
.............. #..###.
###...........)..
.......##......####......
..........##.#.####......
..........#..#.#.........
#....g†.#.##.#.####....
#....l@)..##...# ##.##
#.!..o..<....)## ..#
#......#.#####)## ####
##.......# #[# ......####
#<# #..... #...# .....#
...## ..### ..... ..#.###


You could see an orc, a goblin and a frilled lizard.

Vanquished Creatures
  2 orc wizards (D:3)
  An adder (D:3)
  An ooze (D:1)
  2 worms (D:2)
  A dart slug (D:1)
  2 leopard geckos (D:1)
  6 orcs (D:3)
  3 giant cockroaches
  7 goblins
  8 hobgoblins
  4 bats
  4 frilled lizards
  3 kobolds
  A rat (D:2)
45 creatures vanquished.

Notes
Turn   | Place    | Note
-------+----------+-------------------------------------------
     0 | D:1      | JeffiDaFish the Gargoyle Fighter began the quest for the Orb.
     0 | D:1      | Reached XP level 1. HP: 14/14 MP: 1/1
    57 | D:1      | Reached XP level 2. HP: 19/19 MP: 2/2
   459 | D:1      | Reached XP level 3. HP: 20/24 MP: 3/3
   848 | D:2      | Reached skill level 4 in Shields
  1370 | D:3      | Reached XP level 4. HP: 29/29 MP: 4/4
  1610 | D:3      | HP: 1/29 [frilled lizard (2)]
  1611 | D:3      | Reached XP level 5. HP: 2/33 MP: 5/5
  1614 | D:3      | Slain by a goblin

Skill      XL: |  1  2  3  4 |
---------------+-------------+-----
Shields        | 4 |  4.4
Maces & Flails | 3 |  3.2
Fighting       | |  3.9
Armour         | |  3.8
Dodging        | |  0.4

Action                   |  1- 3 |  4- 6 || total
-------------------------+-------+-------++-------
Melee: Flail             |   128 |    45 ||   173
  Use: Scroll            |     9 |       ||     9
       Potion            |     2 |     1 ||     3
  Eat: Chunk             |     2 |     1 ||     3
Armor: Scale mail        |    60 |       ||    60
       Chain mail        |     1 |    53 ||    54
Dodge: Dodged            |    51 |    17 ||    68
Block: Shield            |   118 |    49 ||   167
       Reflection        |     3 |       ||     3
